Map: Prion Terraces

Players

MorN

  • Race: Terran Terran
  • League: Master

Namzx - Winner!

  • Race: Protoss Protoss
  • League: Master

VOD

Have the link to the VOD?

Description

I dont catch the warp prism as it enters my base, but I do not see a way to defend this unless I am in the exact right position. Even with a cyclone I think that he would still get the units in my base, requiring me to have korean level cyclone control to kill the warp prism, but then there is still the pylons and mothership core.

Seems easy to execute and close to impossible to defend. I'm not a fan of coinflips where if i build a cyclone in one game its useless and if i dont build it in another, then I straight out lose.

Time

  • Played on: Dec. 10, 2015, 1:53 p.m.
  • Length: 6:16
Show
View Real Time Build Order
Export as new Build Order

MorN Terran 

Build Orders: Reaper Expand 

Get SALT Encoding   

  12  0:00  SCV  
  13  0:13  SCV  
  14  0:17  Supply Depot  
  14  0:25  SCV  
  15  0:39  SCV  
  15  0:41  Barracks  
  16  0:46  Refinery  
  16  0:51  SCV  
  17  1:03  SCV  
  18  1:15  SCV  
  19  1:30  Reaper  
  19  1:31  Orbital Command  
  20  1:43  Command Center  
  20  1:52  Supply Depot  
  20  1:57  SCV  
  20  2:01  Barracks  
  21  2:04  Barracks Reactor  
  21  2:09  SCV  
  22  2:17  Barracks  
  22  2:21  SCV  
  23  2:42  Marine x2  
  25  2:50  Barracks Tech Lab  
  25  2:52  SCV  
  25  2:57  Factory, Refinery, Orbital Command  
  26  3:07  Marine x3  
  26  3:09  Marine  
  30  3:13  Engineering Bay  
  30  3:16  Stimpack  
  30  3:27  SCV  
  30  3:32  Marauder, Marine x3  
  36  3:45  Orbital Command  
  36  3:46  Starport  
  36  3:47  SCV  
  37  3:51  Bunker, Factory Reactor  
  37  3:55  Supply Depot  
  37  3:59  SCV, Missile Turret  
  38  4:04  Marine x2  
  40  4:10  Marine x2  
  40  4:14  SCV  
  43  4:22  Supply Depot  
  43  4:32  Marine x3  
  43  4:35  Medivac  
  48  4:38  Medivac  
  47  4:52  Marine x4  
  44  5:10  Reaper x2, Marine x2  
  46  5:21  SCV  
  46  5:28  Marine x2  
  46  5:29  Orbital Command  
  46  5:33  SCV  
  38  5:42  Marine x2  
  37  5:45  Marine  
  37  5:46  Marine  
Show
View Real Time Build Order
Export as new Build Order

Namzx Protoss - Winner!

Build Orders:  

Get SALT Encoding   

  12  0:01  Probe (Chrono Boost)  
  13  0:11  Probe (Chrono Boost)  
  14  0:20  Pylon  
  14  0:23  Probe (Chrono Boost)  
  15  0:38  Probe (Chrono Boost)  
  15  0:39  Gateway  
  16  0:46  Assimilator  
  16  0:49  Probe (Chrono Boost)  
  17  0:53  Assimilator  
  17  0:59  Probe (Chrono Boost)  
  18  1:07  Pylon  
  19  1:11  Probe (Chrono Boost)  
  19  1:22  Probe (Chrono Boost)  
  19  1:25  Gateway  
  20  1:32  Cybernetics Core  
  20  1:35  Probe (Chrono Boost)  
  21  1:46  Probe (Chrono Boost)  
  22  1:51  Pylon  
  22  1:57  Probe (Chrono Boost)  
  23  2:09  Warp Gate  
  23  2:10  Adept (Chrono Boost)  
  27  2:15  Adept (Chrono Boost)  
  27  2:26  Robotics Facility  
  27  2:34  Adept (Chrono Boost)  
  27  2:47  Probe  
  30  3:04  Mothership Core (Chrono Boost)  
  30  3:09  Gateway  
  30  3:11  Gateway  
  30  3:14  Pylon  
  30  3:24  Warp Prism (Chrono Boost)  
  32  3:45  Pylon  
  32  4:03  Probe  
  33  4:12  Adept  
  35  4:31  Gateway  
  35  4:33  Adept x4  
  35  4:36  Pylon  
  35  4:37  Pylon  
  43  4:47  Pylon  
  43  4:53  Adept  
  45  5:01  Sentry x2  
  45  5:02  Adept  
  51  5:16  Pylon  
  51  5:21  Adept  
  53  5:23  Adept  
  55  5:29  Adept  
  46  5:53  Adept x4  
  46  6:14  Adept x2  
  46  6:15  Sentry, Adept  
Tags
 
Add a new tag
Caveats
  • Supply blocks, unpowered buildings, or Contaminate may cause inaccurate times.
  • Supply counts are checked every 10 seconds.